 Dungeon Sprint DCSS version 0.17-a0-1442-g10bb59b (webtiles) character file.

44 nuthulu the Arsonist (level 3, -7/19 HPs)
             Began as a Deep Elf Fire Elementalist on June 27, 2015.
             Was an Initiate of Vehumet.
             Mangled by a mottled draconian
             ... wielding the +11 morningstar "Eos" {elec, -Tele rElec SInv}
              (24 damage)
             ... in the Dungeon (Sprint V: "Ziggurat Sprint").
             The game lasted 00:01:23 (121 turns).

nuthulu the Arsonist (Deep Elf Fire Elementalist)    Turns: 121, Time: 00:01:23

Health: -7/19      AC:  2    Str:  5    XL:     3   Next: 41%
Magic:  0/10       EV: 13    Int: 32    God:    Vehumet [......]
Gold:   0          SH:  0    Dex: 15    Spells: 2 memorised, 7 levels left

rFire  . . .     SeeInvis .     I - staff of energy
rCold  . . .     Clarity  .     a - +0 robe
rNeg   . . .     SustAt   .     (no shield)
rPois  .         Gourm    .     (no helmet)
rElec  .         Spirit   .     (no cloak)
rCorr  .         Warding  .     (no gloves)
rMut   .         NoTele   +     (no boots)
MR     .....                    (no amulet)
Stlth  ++........               A - +6 ring of intelligence
                                B - +6 ring of intelligence

@: not resistant to hostile enchantments, unstealthy
A: no striking features
a: Renounce Religion


You were in the Dungeon.
You worshipped Vehumet.
Vehumet was noncommittal.
You were not hungry.

You visited 1 branch

Inventory:

Armour
 a - a +0 robe (worn)
Magical staves
 I - an uncursed staff of energy (weapon)
Jewellery
 m - an uncursed ring of protection from cold
 y - a +6 ring of dexterity
 z - a +6 ring of dexterity
 A - a +6 ring of intelligence (right hand)
 B - a +6 ring of intelligence (left hand)
 C - a +6 ring of strength
 D - a +6 ring of strength
Magical devices
 E - a wand of disintegration (7)
 F - a wand of fire (5)
 G - a wand of cold (5)
 H - a wand of draining (5)
Scrolls
 i - 4 scrolls of blinking
 p - 4 scrolls of amnesia
 q - 3 scrolls of recharging
 r - 7 scrolls of fog
 s - a scroll of holy word
 t - 5 scrolls of identify
 u - 5 scrolls of remove curse
 v - 2 scrolls of fear
Potions
 d - 10 potions of curing
 e - 8 potions of heal wounds
 f - 6 potions of haste
 g - 7 potions of magic
 h - 2 potions of berserk rage
 j - 2 potions of brilliance
 k - 2 potions of invisibility
 l - 4 potions of resistance
 n - 5 potions of agility
 o - 5 potions of might
Books
 b - a book of Flames

   Spells                             Type                      Level
   a - Flame Tongue                   Conjuration/Fire             1
   b - Throw Flame                    Conjuration/Fire             2
   c - Conjure Flame                  Conjuration/Fire             3
   d - Inner Flame                    Hexes/Fire                   3
   e - Sticky Flame                   Conjuration/Fire             4
   f - Fireball                       Conjuration/Fire             5
Comestibles
 c - 5 bread rations
 w - 42 fruits
 x - 4 meat rations


   Skills:
 + Level 0.1 Fighting
 + Level 3.0 Dodging
 + Level 2.9 Stealth
 + Level 4.4 Spellcasting
 + Level 1.1 Conjurations
 + Level 9.4 Fire Magic


You had 7 spell levels left.
You knew the following spells:

 Your Spells              Type           Power        Failure   Level  Hunger
a - Flame Tongue          Conj/Fire      #####        1%          1    None
b - Throw Flame           Conj/Fire      #####.       1%          2    None


Dungeon Overview and Level Annotations

Branches:
Dungeon (1/1)

Altars:
Ashenzari
Cheibriados
Dithmenos
Elyvilon
Fedhas
Gozag
Kikubaaqudgha
Makhleb
Nemelex Xobeh
Okawaru
Qazlal
Ru
Sif Muna
Trog
Vehumet
Xom
Yredelemnul
Zin
The Shining One
Beogh
Jiyva
Lugonu


Message History

Casting: Throw Flame
Confirm with . or Enter, or press ? or * to list all spells.
Aiming: Throw Flame
Press: ? - help, Shift-Dir - straight line, f/p - draconian
Aim: a draconian, wielding a falchion (moderately wounded)
The puff of flame hits the draconian.
The draconian appears unharmed.
The draconian is moderately wounded.
The draconian hits you with a club.
Casting: Throw Flame
Confirm with . or Enter, or press ? or * to list all spells.
Aiming: Throw Flame
Press: ? - help, Shift-Dir - straight line, f/p - draconian
Aim: a draconian, wielding a falchion (moderately wounded)
The puff of flame misses the mottled draconian.
The puff of flame hits the draconian.
The draconian is moderately wounded.
The draconian barely misses you.
The mottled draconian hits you with the +11 morningstar "Eos" {elec, -Tele rElec SInv}!!
Ouch! That really hurt!
You die...

▓▓▓▓▓▓▓▓▓▓▓▓▓
▓.8©8.▓.8©8.▓
▓.:)[.▓.....▓
▓.....▓...[.▓
▓.....▓.....▓
▓.....▓.....▓
▓.ddd.▓.....▓
▓.@...▓▓▓▓▓▓▓
▓▓▓▓▓▓▓


You could see a mottled draconian and 2 draconians.

Vanquished Creatures
  An iron imp (D)
  A shadow imp (D)
2 creatures vanquished.

Vanquished Creatures (others)
  A spatial maelstrom (D)
1 creature vanquished.

Grand Total: 3 creatures vanquished

Notes
Turn   | Place    | Note
--------------------------------------------------------------
     0 | D        | nuthulu the Deep Elf Fire Elementalist began the quest for the Orb.
     0 | D        | Reached XP level 1. HP: 10/10 MP: 6/6
     0 | D        | Found a roughly hewn altar of Beogh.
     0 | D        | Found a corrupted altar of Lugonu.
     0 | D        | Found a viscous altar of Jiyva.
     0 | D        | Found a white marble altar of Elyvilon.
     0 | D        | Found a sparkling altar of Nemelex Xobeh.
     0 | D        | Found a burning altar of Makhleb.
     0 | D        | Found an iron altar of Okawaru.
     0 | D        | Found a deep blue altar of Sif Muna.
     0 | D        | Found a radiant altar of Vehumet.
     0 | D        | Found a bloodstained altar of Trog.
     0 | D        | Found a shimmering altar of Xom.
     7 | D        | Banished a spatial maelstrom
    29 | D        | Became a worshipper of Vehumet
    34 | D        | Reached skill level 8 in Fire Magic
    34 | D        | Reached XP level 2. HP: 15/15 MP: 8/8
    41 | D        | Learned a level 2 spell: Throw Flame
    41 | D        | Entered arena 1.
    41 | D        | Noticed an iron imp
    44 | D        | Reached skill level 9 in Fire Magic
    56 | D        | Killed an iron imp
    56 | D        | Reached XP level 3. HP: 19/19 MP: 7/10
   115 | D        | Entered arena 2.
   115 | D        | Noticed a draconian
   115 | D        | Noticed a mottled draconian
   115 | D        | Noticed a draconian
   121 | D        | Mangled by a mottled draconian

Vault maps used:
D:        sprint_v

Action                   || total
-------------------------++-------
Melee: Staff             ||    10
 Cast: Flame Tongue      ||     2
       Throw Flame       ||     5
  Use: Potion            ||     4
